 Dungeon Crawl Stone Soup version 0.30-a0-165-g1891117ce2 (webtiles) character file.

Game seed: 784729647977043893

81 qw the Chopper (level 4, -6/28 HPs)
             Began as a Gargoyle Fighter on Sept 28, 2022.
             Mangled by Terence
             ... wielding a +0 morningstar
              (11 damage)
             ... on level 3 of the Dungeon.
             The game lasted 00:00:49 (2279 turns).

qw the Chopper (Gargoyle Fighter)                   Turns: 2279, Time: 00:00:50

Health: -6/28      AC:  0    Str: 22    XL:     4   Next: 42%
Magic:  4/4        EV: 17    Int:  8    God:
Gold:   142        SH:  0    Dex: 14    Spells: 3/3 levels left

rFire   . . .      SeeInvis .    (weapon currently unavailable)
rCold   . . .      Faith    .    (shield currently unavailable)
rNeg    + . .      Spirit   .    (body armour currently unavailable)
rPois   inf        Reflect  .    (helmet currently unavailable)
rElec   .          Harm     .    (cloak currently unavailable)
rCorr   .          Rampage  .    (gloves currently unavailable)
Will    .....                    (boots currently unavailable)
Stlth   +.........               (no amulet)
HPRegen 0.09/turn                (ring currently unavailable)
MPRegen 0.09/turn                (ring currently unavailable)

@: bat-form (expiring), flying, very quick
A: fast, flying, no casting, sickness immunity, AC +3, tiny, negative energy
resistance 1, (electricity resistance), torment resistance 1, petrification
resistance
a: no special abilities


You were on level 3 of the Dungeon.
You were a bat.
You visited 1 branch of the dungeon, and saw 3 of its levels.

You collected 142 gold pieces.


Innate Abilities, Weirdness & Mutations

You are a bat.
You are tiny and dextrous.
You move quickly.
You are flying.
Your equipment is almost entirely melded.
You are incapable of wielding weapons or throwing items.
You cannot cast spells.
You are immune to sickness and miasma.
((Your stone body is resilient. (AC +3)))
You are immune to poison.
You resist negative energy. (rN+)
((You are resistant to electric shocks. (rElec)))
You are resistant to unholy torment.
You are immune to petrification.


   Skills:
 - Level 3.2 Fighting
 - Level 4.1 Axes
 - Level 3.2 Armour
 + Level 0.0 Dodging
 - Level 3.2 Shields


You had 3 spell levels left.
You didn't know any spells.
Your spell library was empty.

Inventory:

Hand Weapons
 i - a +0 whip
 Y - a +1 war axe (melded)
Armour
 b - a +0 cloak (melded)
 c - a +0 buckler (melded)
 k - a +0 chain mail (melded)
Scrolls
 a - a scroll of torment {unknown}
 f - 2 scrolls of identify
Potions
 d - a potion of might
 h - a potion of brilliance {unknown}
 j - a potion of haste {unknown}
 l - a potion of resistance {unknown}
 m - a potion of curing {unknown}
 n - a potion of mutation {unknown}
 o - a potion of degeneration {unknown}
 p - a potion of attraction

Dungeon Overview and Level Annotations

Branches:
Dungeon (3/15)

Altars:

Annotations:
D:3 Terence


Message History

You hit Terence but do no damage.
Terence is severely wounded.
Terence completely misses you.
You hit Terence.
Terence is severely wounded.
Terence completely misses you.
You hit Terence but do no damage.
Terence is severely wounded.
Terence barely misses you.
You hit Terence but do no damage.
Terence is severely wounded.
Terence closely misses you.
You hit Terence but do no damage.
Terence is severely wounded.
Terence closely misses you.
You hit Terence.
Terence is almost dead.
Terence misses you.
You hit Terence but do no damage.
Terence is almost dead.
Terence hits you with a +0 morningstar!
You hit Terence but do no damage.
Terence is almost dead.
Your transformation is almost over.
Terence misses you.
You hit Terence but do no damage.
Terence is almost dead.
Terence misses you.
You hit Terence but do no damage.
Terence is almost dead.
You hit Terence but do no damage.
Terence is almost dead.
Terence misses you.
You hit Terence but do no damage.
Terence is almost dead.
Terence hits you with a +0 morningstar!
You hit Terence but do no damage.
Terence is almost dead.
Terence hits you with a +0 morningstar!
You die...

#.# #.# #.#.# #.#.# #. #.# #.#
#.#.#####.#.# #. #.# #.#
#.#.........# #. #.#
#.#######.#######.######. #.#
#........................ #.#
#>................#####..
#.#########....<............#..
#..)........##.########.....#..
##############b# #.....#.(
#...%@.....# #.....#..
#..........# #.....#..
#.........(# #.....#.#
#..........# #.....#
#####'###### #....## #.# #
#.#..## #'# #.####.#...#
.#......##..#


You could see Terence.

Vanquished Creatures
  3 adders
  2 dart slugs
  5 endoplasms
  6 goblins
  8 hobgoblins
  5 kobolds (D:1)
  2 quokkas
  4 ball pythons (D:1)
  6 bats
  A frilled lizard (D:1)
  6 rats
48 creatures vanquished.

Notes
Turn   | Place    | Note
-------+----------+-------------------------------------------
     0 | D:1      | qw the Gargoyle Fighter began the quest for the Orb.
     0 | D:1      | Reached XP level 1. HP: 14/14 MP: 1/1
     0 | D:1      | 0 ||| qw: Version: 0.2-a-12-gaebbb33
     0 | D:1      | 0 ||| qw: Game counter: 809
     0 | D:1      | 0 ||| qw: Always use a shield: true
     0 | D:1      | 0 ||| qw: God list: Okawaru
     0 | D:1      | 0 ||| qw: Allow faded altars: false
     0 | D:1      | 0 ||| qw: Do Orc after D:15 true
     0 | D:1      | 0 ||| qw: Do second Lair branch before Depths: true
     0 | D:1      | 0 ||| qw: Lair rune preference: random
     0 | D:1      | 0 ||| qw: Plans: Normal, Zot:1-4, God:TSO, Crypt, Tomb,
                  | Pan, Slime:5, Hells, Abyss, Orb
     0 | D:1      | 0 ||| PLANNING D:1-11
    15 | D:1      | Reached skill level 2 in Axes
   149 | D:1      | 149 ||| Stepping ~*~*~tactically~*~*~ (stealth).
   150 | D:1      | 150 ||| Stepping ~*~*~tactically~*~*~ (stealth).
   156 | D:1      | Reached XP level 2. HP: 19/19 MP: 2/2
   410 | D:1      | 410 ||| Stepping ~*~*~tactically~*~*~ (hiding).
   532 | D:1      | 532 ||| Stepping ~*~*~tactically~*~*~ (stealth).
   534 | D:1      | 534 ||| Stepping ~*~*~tactically~*~*~ (stealth).
   538 | D:1      | Reached skill level 3 in Axes
   562 | D:1      | 562 ||| Stepping ~*~*~tactically~*~*~ (stealth).
   628 | D:1      | 628 ||| Stepping ~*~*~tactically~*~*~ (stealth).
   629 | D:1      | 629 ||| Stepping ~*~*~tactically~*~*~ (stealth).
   646 | D:1      | Reached XP level 3. HP: 21/23 MP: 3/3
   666 | D:1      | 666 ||| DROPPING +0 club.
   697 | D:1      | 697 ||| Stepping ~*~*~tactically~*~*~ (stealth).
   888 | D:1      | Found a faded altar of an unknown god.
  1184 | D:1      | 1184 ||| UPGRADING to +0 chain mail.
  1194 | D:1      | 1194 ||| DROPPING +0 scale mail.
  1195 | D:1      | 1195 ||| DROPPING ring of magical power.
  1196 | D:1      | 1196 ||| READING scroll labelled TUHAX HOMAMEMA.
  1197 | D:1      | 1197 ||| READING 2 scrolls labelled HAYHOLO BYREF.
  1198 | D:1      | 1198 ||| READING scroll labelled LYAMIO LEISEKH.
  1319 | D:2      | 1319 ||| Stepping ~*~*~tactically~*~*~ (hiding).
  1503 | D:2      | Reached XP level 4. HP: 26/28 MP: 4/4
  1930 | D:2      | 1930 ||| UPGRADING to +0 cloak.
  1935 | D:2      | 1935 ||| READING scroll labelled DEOPLO KOIRIO.
  1936 | D:2      | 1936 ||| READING scroll labelled MEUNAP JUMA.
  1937 | D:2      | 1937 ||| READING scroll labelled GAQIWYURGHI.
  1938 | D:2      | 1938 ||| DRINKING 2 inky potions.
  2033 | D:3      | Reached skill level 4 in Axes
  2259 | D:3      | Noticed Terence
  2278 | D:3      | HP: 5/28 [Terence/+0 morningstar (12)]
  2279 | D:3      | Mangled by Terence

Levels and vault maps discovered:
D:1:      grunt_arrival_lava_bath, layout_rooms, ebering_ecumenical_altar_rust,
          minmay_hedge_maze
D:2:      layout_basic
D:3:      layout_basic, old_standard_altar, kennysheep_jessica_study,
          uniq_terence

Skill      XL: |  1  2  3  4 |
---------------+-------------+-----
Axes           | 2 3 4 |  4.1
Fighting       | |  3.2
Armour         | |  3.2
Shields        | |  3.2

Action                   |  1- 3 |  4- 6 || total
-------------------------+-------+-------++-------
Melee: War axe           |    98 |    31 ||   129
       Unarmed           |       |    17 ||    17
  Use: Scroll            |     3 |     3 ||     6
       Potion            |       |     1 ||     1
Armor: Scale mail        |    32 |       ||    32
       Chain mail        |    14 |    20 ||    34
Dodge: Dodged            |    35 |    21 ||    56
Block: Buckler           |    10 |     7 ||    17

Table legend:
 A = Non-vault XP
 B = Vault XP
 C = Vault XP percentage of total XP
 D = Non-vault monster count
 E = Vault monster count
 F = Vault count percentage of total count
                 A         B        C        D         E       F
            +---------+---------+-------+---------+---------+-------
      Total |     117 |       0 |   0.0 |      48 |       0 |   0.0
            +---------+---------+-------+---------+---------+-------
        D:1 |      51 |       0 |   0.0 |      31 |       0 |   0.0
        D:2 |      45 |       0 |   0.0 |      12 |       0 |   0.0
        D:3 |      21 |       0 |   0.0 |       5 |       0 |   0.0
            +---------+---------+-------+---------+---------+-------
